 Dungeon Sprint DCSS version 0.31-a0-75-g6fe912e8c5 (webtiles) character file.

Game seed: 11133874901332014063

9429 sircluck the Brawler (level 11, -8/123 HPs)
             Began as a Troll Berserker on May 23, 2023.
             Was the Champion of Trog.
             Mangled by a demonic crawler (16 damage)
             ... in the Dungeon (Sprint I: "Red Sonja").
             The game lasted 00:07:12 (950 turns).

sircluck the Brawler (Troll Berserker)               Turns: 950, Time: 00:07:13

Health: -8/123     AC:  7    Str: 31    XL:     11   Next: 22%
Magic:  8/8        EV: 12    Int:  1    God:    Trog [******]
Gold:   854        SH:  0    Dex:  7    Spells: 10/10 levels left

rFire   x x          .
                       - Unarmed
rCold   . . .        (no shield)
rNeg    + + .        o - +0 troll leather armour
rPois   .            (helmet restricted)
rElec   .            q - +0 cloak "Guemoqos" {rF- rN++ Stlth+}
rCorr   .            (gloves unavailable)
SInv    .            (boots unavailable)
Will    .....        (no amulet)
Stlth   +++          (no ring)
HPRegen 2.00/turn    (no ring)
MPRegen 0.11/turn

%: no teleportation
@: unable to drink
A: large, unfitting armour, claws 3, regeneration 1, shaggy fur 1, tough skin 1,
clumsy 1, dopey 1, low MP 1, heat vulnerability 1, subdued magic 1, inability to
drink after injury 1
a: Renounce Religion, Berserk, Trog's Hand, Brothers in Arms


You were in the Dungeon.
You worshipped Trog.
Trog was exalted by your worship.
You visited 1 branch You collected 1557 gold pieces.
You spent 703 gold pieces at shops.

Inventory:

Missiles
 k - 2 curare-tipped darts (quivered)
 n - 3 stones
Armour
 a - a +0 animal skin
 o - a +0 troll leather armour (worn)
 q - the +0 cloak "Guemoqos" (worn) {rF- rN++ Stlth+}
   (You bought it in a shop in the Dungeon)

   rF:        It makes you vulnerable to fire.
   rN:        It greatly protects you from negative energy.
   Stlth:     It makes you more stealthy.
 x - a +1 hat
Wands
 b - a wand of mindburst (13)
 h - a wand of acid (7)
 j - a wand of flame (8)
Scrolls
 p - 2 scrolls of magic mapping
 t - a scroll of identify {unknown}
 u - a scroll of poison {unknown}
 y - a scroll of enchant armour
 z - a scroll of silence
Potions
 c - a potion of heal wounds
 d - a potion of haste
 e - 2 potions of magic
 f - 2 potions of berserk rage
 i - 2 potions of lignification {unknown}
 l - 2 potions of curing
 m - a potion of enlightenment {unknown}
 r - 2 potions of brilliance {unknown}
 s - a potion of resistance {unknown}
 v - a potion of might {unknown}
Miscellaneous
 w - a tin of tremorstones (2/2)


   Skills:
 + Level 12.0 Fighting
 + Level 2.4 Armour
 + Level 12.6 Dodging
 + Level 3.0 Stealth
 + Level 18.5 Unarmed Combat


You had 10 spell levels left.
You didn't know any spells.
Your spell library was empty.

Dungeon Overview and Level Annotations

Branches:
Dungeon (1/1)

Altars:
Cheibriados
Dithmenos
Elyvilon
Fedhas
Gozag
Hepliaklqana
Kikubaaqudgha
Makhleb
Nemelex Xobeh
Okawaru
Qazlal
Ru
Sif Muna
Trog
Uskayaw
Vehumet
Wu Jian
Xom
Yredelemnul
Zin
The Shining One
Jiyva
Lugonu

Shops:
D *[[?[((*[*(!![?![*?[?


Innate Abilities, Weirdness & Mutations

You are too large for most types of armour.
You have claws for hands.
Your natural rate of healing is unusually fast.
You are covered in fur. (AC +1)
You have tough skin. (AC +1)
You are clumsy. (Dex -2)
You are dopey. (Int -2)
Your magical capacity is low. (-10% MP)
You are vulnerable to heat. (rF-)
Your spells are a little easier to cast, but a little less powerful.
You occasionally lose the ability to drink potions when taking damage.


Message History

You feel your anger nearly subside.
You are no longer berserk.
You are exhausted.
You feel yourself slow down.
There is an open door, spattered with blood here.
Blink to where?
Press: ? - help, Q - select action, (/) - cycle Dir - move target
As you read the scroll of blinking, it crumbles to dust.
Which direction?
You close the door.
You start resting.
You feel yourself speed up.
You start resting.
You recover from your berserk rage.
You open the door.
You completely miss the demonic crawler.
The demonic crawler gives a hideous shriek!
The demonic crawler barely misses you. The demonic crawler hits you.
The demonic crawler barely misses you.
The demonic crawler completely misses you.
The demonic crawler misses you. The demonic crawler hits you!
The demonic crawler hits you. x2; The demonic crawler hits you!
There is an open door, spattered with blood here.
The demonic crawler hits you. The demonic crawler hits you! x2
The demonic crawler hits you but does no damage.
The demonic crawler barely misses you. The demonic crawler closely misses you.
The demonic crawler attacks as you move away!
The demonic crawler hits you but does no damage.
The demonic crawler closely misses you. The demonic crawler hits you!
You feel threatened and lose the ability to drink potions!
* * * LOW HITPOINT WARNING * * *
The demonic crawler hits you!
* * * LOW HITPOINT WARNING * * *
The demonic crawler hits you!
* * * LOW HITPOINT WARNING * * *
The demonic crawler barely misses you.
The demonic crawler attacks as you move away!
The demonic crawler barely misses you. The demonic crawler closely misses you.
The demonic crawler barely misses you. x2
The demonic crawler closely misses you. The demonic crawler hits you!
You die...

##########################
#<.#..)..#..@ss#__#..')s.#
#..').#..').#s.'..'..#)..##+#
#..#####'#####'#__####..ss†.#
#..####..#...#.####§.#####..+
#..#__####..##§#~~§.)#..# +##
#..#_____##'#§§§§~§§§§..#
#⌠⌠#_.∩...'..._#§§~.§#§.#
####_..__##_.#'##§#####)###
#_____###)#[#.§§.###.'.#


You could see 3 demonic crawlers.

Vanquished Creatures
  2 centaur warriors (D)
  Sonja (D)
  A deep troll (D)
  An oklob plant (D)
  2 shining eyes (D)
  A demonic crawler (D)
  2 unseen horrors (D)
  2 kobold demonologists (D)
  A hornet (D)
  A slime creature (D)
  Sigmund (D)
  A yak (D)
  2 redbacks (D)
  2 floating eyes (D)
  An ogre (D)
  7 necrophages (D)
  8 jellies (D)
  Ijyb (D)
37 creatures vanquished.

Vanquished Creatures (collateral kills)
  6 shining eyes (D)
  4 floating eyes (D)
10 creatures vanquished.

Vanquished Creatures (others)
  2 ballistomycete spores (D)
2 creatures vanquished.

Grand Total: 49 creatures vanquished

Notes
Turn   | Place    | Note
-------+----------+-------------------------------------------
     0 | D        | sircluck the Troll Berserker began the quest for the Orb.
     0 | D        | Reached XP level 1. HP: 22/22 MP: 0/0
     1 | D        | Noticed Ijyb
    10 | D        | HP: 1/22 [Ijyb/+0 club (5)]
    11 | D        | Killed Ijyb
    12 | D        | Reached skill level 4 in Unarmed Combat
    12 | D        | Reached XP level 2. HP: 3/32 MP: 1/1
    40 | D        | Noticed an ogre
    45 | D        | Killed an ogre
    46 | D        | Reached skill level 5 in Fighting
    46 | D        | Reached skill level 5 in Dodging
    46 | D        | Reached skill level 6 in Unarmed Combat
    46 | D        | Reached XP level 3. HP: 38/42 MP: 2/2
    46 | D        | Reached XP level 4. HP: 45/50 MP: 3/3
   108 | D        | Noticed Sigmund
   116 | D        | Killed Sigmund
   116 | D        | Reached ** piety under Trog
   117 | D        | Reached skill level 7 in Unarmed Combat
   117 | D        | Reached XP level 5. HP: 61/61 MP: 4/4
   117 | D        | Reached XP level 6. HP: 68/68 MP: 5/5
   132 | D        | Found an ornate altar of the Wu Jian Council.
   132 | D        | Found a shimmering blue altar of Sif Muna.
   134 | D        | Found a radiant altar of Vehumet.
   138 | D        | Reached skill level 8 in Unarmed Combat
   178 | D        | Found Ysitwer's Magic Scroll Emporium.
   178 | D        | Found an ancient bone altar of Kikubaaqudgha.
   178 | D        | Found a hazy altar of Hepliaklqana.
   178 | D        | Found a stormy altar of Qazlal.
   178 | D        | Found a hide-covered altar of Uskayaw.
   178 | D        | Found a blossoming altar of Fedhas.
   178 | D        | Found a bloodstained altar of Trog.
   178 | D        | Found an iron altar of Okawaru.
   178 | D        | Found a basalt altar of Yredelemnul.
   178 | D        | Found a glowing golden altar of the Shining One.
   178 | D        | Found a snail-covered altar of Cheibriados.
   178 | D        | Found a sacrificial altar of Ru.
   178 | D        | Found a glowing silver altar of Zin.
   178 | D        | Found a shadowy altar of Dithmenos.
   178 | D        | Found a white marble altar of Elyvilon.
   178 | D        | Noticed a yak
   179 | D        | Found an opulent altar of Gozag.
   185 | D        | Killed a yak
   186 | D        | Reached skill level 9 in Unarmed Combat
   186 | D        | Found a sparkling altar of Nemelex Xobeh.
   207 | D        | Found a burning altar of Makhleb.
   207 | D        | Found a viscous altar of Jiyva.
   207 | D        | Found a shimmering altar of Xom.
   207 | D        | Found a corrupted altar of Lugonu.
   207 | D        | Noticed a slime creature
   211 | D        | Killed a slime creature
   212 | D        | Reached skill level 10 in Unarmed Combat
   212 | D        | Reached XP level 7. HP: 64/79 MP: 6/6
   239 | D        | Noticed a kobold demonologist
   239 | D        | Noticed a kobold demonologist
   241 | D        | Noticed an orange demon
   243 | D        | Paralysed by a floating eye for 4 turns
   250 | D        | Killed a kobold demonologist
   250 | D        | Reached *** piety under Trog
   253 | D        | Reached skill level 11 in Unarmed Combat
   255 | D        | Killed a kobold demonologist
   255 | D        | Reached **** piety under Trog
   256 | D        | Reached XP level 8. HP: 18/92 MP: 7/7
   321 | D        | Noticed Sonja
   328 | D        | Killed Sonja
   329 | D        | Reached skill level 12 in Unarmed Combat
   390 | D        | Noticed a deep troll
   402 | D        | Killed a deep troll
   403 | D        | Reached skill level 10 in Fighting
   403 | D        | Reached skill level 10 in Dodging
   403 | D        | Reached skill level 1 in Stealth
   403 | D        | Reached skill level 13 in Unarmed Combat
   403 | D        | Reached XP level 9. HP: 97/101 MP: 8/8
   413 | D        | Found Rysuh's Armour Emporium.
   451 | D        | Found Gagunema's General Store.
   463 | D        | Noticed a shining eye
   463 | D        | Noticed a shining eye
   463 | D        | Noticed a shining eye
   466 | D        | Noticed a shining eye
   467 | D        | Killed a shining eye
   468 | D        | Reached skill level 14 in Unarmed Combat
   469 | D        | Killed a shining eye
   469 | D        | Killed a shining eye
   469 | D        | Reached ***** piety under Trog
   470 | D        | Reached skill level 15 in Unarmed Combat
   471 | D        | Noticed a shining eye
   471 | D        | Gained mutation: You are vulnerable to heat. (rF-) [a
                  | shining eye]
   472 | D        | Paralysed by a floating eye for 4 turns
   472 | D        | Noticed a shining eye
   473 | D        | Killed a shining eye
   473 | D        | Received a gift from Trog
   473 | D        | Gained mutation: Your spells are a little easier to cast,
                  | but a little less powerful. [a shining eye]
   474 | D        | Reached XP level 10. HP: 111/111 MP: 9/9
   475 | D        | Killed a shining eye
   475 | D        | Gained mutation: You are dopey. (Int -2) [a shining eye]
   476 | D        | Noticed a shining eye
   476 | D        | Noticed a shining eye
   476 | D        | Gained mutation: Your magical capacity is low. (-10% MP) [a
                  | shining eye]
   477 | D        | Reached skill level 16 in Unarmed Combat
   479 | D        | Killed a shining eye
   487 | D        | Killed a shining eye
   500 | D        | Gained mutation: You occasionally lose the ability to drink
                  | potions when taking damage. [a shining eye]
   501 | D        | Gained mutation: You are clumsy. (Dex -2) [a shining eye]
   514 | D        | Killed a shining eye
   520 | D        | Found Alest's Antique Armour Shop.
   520 | D        | Found Hotom's Antique Armour Emporium.
   520 | D        | Found Jivvuotyo's Weapon Boutique.
   521 | D        | Found Eppepnue's Armour Shoppe.
   544 | D        | Bought a fine cloak for 190 gold pieces
   544 | D        | Identified the +0 cloak "Guemoqos" {rF- rN++ Stlth+} (You
                  | bought it in a shop in the Dungeon)
   599 | D        | Noticed a centaur warrior
   599 | D        | Noticed a centaur warrior
   603 | D        | Killed a centaur warrior
   604 | D        | Reached skill level 17 in Unarmed Combat
   606 | D        | Killed a centaur warrior
   634 | D        | Noticed an oklob plant
   637 | D        | Killed an oklob plant
   637 | D        | Received a gift from Trog
   646 | D        | Reached XP level 11. HP: 121/123 MP: 8/8
   682 | D        | Reached skill level 18 in Unarmed Combat
   686 | D        | Reached skill level 1 in Armour
   698 | D        | Reached ****** piety under Trog
   698 | D        | Received a gift from Trog
   772 | D        | Received a gift from Trog
   825 | D        | Found Mopsih's General Store.
   825 | D        | Found Leliex's Weapon Shop.
   825 | D        | Found Basoy's Antique Armour Boutique.
   834 | D        | Found Hawetaek's Assorted Antiques.
   834 | D        | Found Xoek's Antique Weapon Shop.
   834 | D        | Found Kaenk's Distillery.
   834 | D        | Found Qulappye's Distillery.
   834 | D        | Found Ramoeq's Antique Armour Emporium.
   834 | D        | Found Pisaamogg's Magic Scroll Shop.
   834 | D        | Found Ydeburigg's Distillery.
   838 | D        | Found Banexyst's Antique Armour Boutique.
   839 | D        | Found Dusiulush's Magic Scroll Emporium.
   839 | D        | Found Vunas's Assorted Antiques.
   840 | D        | Found Tyovvug's Magic Scroll Emporium.
   846 | D        | Bought an embroidered hat for 210 gold pieces
   847 | D        | Bought a scroll of magic mapping for 90 gold pieces
   847 | D        | Bought a scroll of enchant armour for 90 gold pieces
   853 | D        | Bought a scroll of silence for 123 gold pieces
   909 | D        | HP: 8/184 [demonic crawler (15)]
   949 | D        | HP: 6/123 [demonic crawler (12)]
   950 | D        | Mangled by a demonic crawler

Illustrated notes

Levels and vault maps discovered:
D:        dungeon_sprint_1 [red_sonja_temple_1, red_sonja_temple_small_1]

Skill      XL: |  1  2  3  4  5  6  7  8  9 10 11 |
---------------+----------------------------------+-----
Fighting       | 3 5 6 7 9 10 11 12 | 12.0
Dodging        | 3 5 6 7 8 10 11 12 | 12.6
Unarmed Combat | 4 6 7 10 11 13 15 17 18 | 18.5
Stealth        | 1 2 3 |  3.0
Armour         | 2 |  2.4

Action                     |  1- 3 |  4- 6 |  7- 9 | 10-12 || total
---------------------------+-------+-------+-------+-------++-------
  Melee: Unarmed           |    13 |    17 |    26 |    73 ||   129
         Punch             |       |     1 |     3 |     6 ||    10
 Invoke: Berserk           |     1 |       |     2 |     1 ||     4
         Brothers in Arms  |       |       |     1 |       ||     1
    Use: Potion            |       |       |     1 |       ||     1
         Scroll            |       |       |       |     1 ||     1
   Stab: Sleeping          |       |       |       |     5 ||     5
 Armour: Animal skin       |       |     3 |     4 |       ||     7
         Troll leather arm |       |       |       |    13 ||    13
  Dodge: Dodged            |     4 |     4 |    16 |    52 ||    76

Table legend: (Time is in decaauts)
 A = Elapsed time spent in this place.
 B = Non-inter-level travel time spent in this place.
 C = Inter-level travel time spent in this place.
 D = Time resting spent in this place.
 E = Time spent auto-exploring this place.
 F = Levels seen in this place.
 G = Mean time per level.
                   A        B        C        D        E       F      G
               +--------+--------+--------+--------+--------+-----+--------+
         Total |    951 |    951 |      0 |    167 |    176 |   1 |  951.0 |
       Dungeon |    951 |    951 |      0 |    167 |    176 |   1 |  951.0 |
               +--------+--------+--------+--------+--------+-----+--------+

Top non-repeatable levels by time:
       D: 951 daAuts
